 Dungeon Crawl Stone Soup version 0.17.2-1-ge4368a0 (webtiles) character file.

1310 ololoev the Chopper (level 8, -1/58 HPs)
             Began as a Demonspawn Fighter on July 25, 2016.
             Slain by a killer bee (4 damage)
             ... on level 7 of the Dungeon.
             The game lasted 00:09:37 (1430 turns).

ololoev the Chopper (Demonspawn Fighter)            Turns: 1430, Time: 00:09:37

Health: -1/58      AC: 14    Str: 30    XL:     8   Next: 32%
Magic:  8/8        EV:  8    Int: 18    God:
Gold:   33         SH:  0    Dex:  8    Spells: 0 memorised, 7 levels left

rFire  + . .     SeeInvis .     m - +2 battleaxe "Jesmotawn" {pain, Str+12 Dex-5 Stlth+} (curse)
rCold  . . .     Clarity  .     v - +0 chain mail
rNeg   . . .     SustAt   .     (shield currently unavailable)
rPois  .         Gourm    .     (helmet restricted)
rElec  .         Spirit   .     l - +0 cloak
rCorr  .         Warding  .     (no gloves)
rMut   .         Stasis   .     i - +0 pair of boots
MR     .....                    (no amulet)
Stlth  ..........               (no ring)
                                k - +3 ring of intelligence

@: brilliant, lethally poisoned (-1 -> -2), not resistant to hostile
enchantments, extremely unstealthy
A: horns 1, thin metallic scales 1, blurry vision 1, fire resistance 1, foul
stench 1, powered by death 1, rot immunity, subdued magic 1
a: no special abilities


Innate Abilities, Weirdness & Mutations

You have a pair of small horns on your head.
You are partially covered in thin metallic scales (AC +2).
You may emit foul miasma when damaged in melee.
You regenerate a little health from kills.
You are immune to rotting.
Scrolls take you a little longer to read.
Your flesh is heat resistant.
Your spells are a little easier to cast, but a little less powerful.

Inventory:

Hand Weapons
 m - the cursed +2 battleaxe "Jesmotawn" (weapon) {pain, Str+12 Dex-5 Stlth+}
   (You found it on level 4 of the Dungeon)

   In the hands of one skilled in necromantic magic, it inflicts extra damage on
   living creatures.
   It affects your strength (+12).
   It affects your dexterity (-5).
   It makes you more stealthy.
   It has a curse placed upon it.
Armour
 i - a +0 pair of boots (worn)
 l - a +0 cloak (worn)
 v - a +0 chain mail (worn)
Jewellery
 k - a +3 ring of intelligence (left hand)
 s - a cursed ring of teleportation
Wands
 b - a wand of paralysis (0)
Scrolls
 d - 5 scrolls of teleportation {unknown}
 f - 2 scrolls of remove curse {unknown}
 j - 3 scrolls of identify {unknown}
 n - a scroll of enchant weapon {unknown}
 r - a scroll of fear {unknown}
 t - a scroll of recharging {unknown}
Potions
 g - a potion of ambrosia {unknown}
 h - 3 potions of might
 p - a potion of curing {unknown}
Comestibles
 c - 2 slices of pizza
 e - 3 bread rations
 o - 2 royal jellies
 q - 5 fruits
 u - 2 chunks of flesh


   Skills:
 - Level 3.0 Fighting
 * Level 7.8 Axes
 + Level 6.0 Armour
   Level 2.6 Shields


You had 7 spell levels left.
You didn't know any spells.


You were on level 7 of the Dungeon.
You were hungry.

You visited 1 branch of the dungeon, and saw 7 of its levels.

You collected 207 gold pieces.
You spent 174 gold pieces at shops.

...............#..##
................#..#
#...............##..
#...............###.
#..............####
##................##
#.................+
..###.#.y...........#.#
......y@............###
..#..Zyy#...........#
.......s..###.......#
..#.⌠.⌠.#.# ###.....#
..........# ####..#
#.#.....#.# ###
#...._....# #.#.....#..
#..........

Notes
Turn   | Place    | Note
--------------------------------------------------------------
     0 | D:1      | ololoev the Demonspawn Fighter began the quest for the Orb.
     0 | D:1      | Reached XP level 1. HP: 18/18 MP: 1/1
   146 | D:3      | Gained mutation: You are immune to rotting. [demonic ancestry]
   146 | D:3      | Reached XP level 2. HP: 20/24 MP: 2/2
   234 | D:4      | Noticed a scorpion
   237 | D:4      | Gained mutation: You are partially covered in thin metallic scales (AC +2). [demonic ancestry]
   237 | D:4      | Reached XP level 3. HP: 29/29 MP: 3/3
   238 | D:4      | Killed a scorpion
   238 | D:4      | Gained mutation: You regenerate a little health from kills. [demonic ancestry]
   238 | D:4      | Reached XP level 4. HP: 35/35 MP: 4/4
   298 | D:5      | Entered Level 5 of the Dungeon
   344 | D:5      | Gained mutation: You have a pair of small horns on your head. [demonic ancestry]
   344 | D:5      | Reached XP level 5. HP: 30/41 MP: 5/5
   385 | D:5      | Reached skill level 4 in Axes
   428 | D:6      | Found a shimmering altar of Xom.
   428 | D:6      | Noticed an angel
   428 | D:6      | Noticed an orc warrior
   431 | D:6      | Found a glowing silver altar of Zin.
   435 | D:6      | Killed an orc warrior
   435 | D:6      | Reached XP level 6. HP: 40/47 MP: 6/6
   465 | D:6      | Noticed Grinder
   469 | D:6      | Paralysed by Grinder for 3 turns
   478 | D:6      | Paralysed by Grinder for 4 turns
   491 | D:6      | Killed Grinder
   491 | D:6      | Reached skill level 5 in Axes
   544 | D:6      | Gained mutation: You may emit foul miasma when damaged in melee. [demonic ancestry]
   544 | D:6      | Reached XP level 7. HP: 30/52 MP: 7/7
   565 | D:6      | Noticed Eustachio
   638 | D:6      | Gained mutation: Scrolls take you a little longer to read. [potion of mutation]
   638 | D:6      | Gained mutation: Your spells are a little easier to cast, but a little less powerful. [potion of mutation]
   638 | D:6      | Gained mutation: Your flesh is heat resistant. [potion of mutation]
   663 | D:6      | Killed Eustachio
   663 | D:6      | Reached skill level 6 in Axes
   663 | D:6      | Reached skill level 5 in Armour
   720 | D:5      | Noticed a centaur
   734 | D:5      | HP: 2/52 [centaur (8)]
   736 | D:5      | Killed a centaur
   800 | D:4      | Got an encrusted battleaxe
   801 | D:4      | Identified the cursed +2 battleaxe "Jesmotawn" {pain, Str+12 Dex-5 Stlth+} (You found it on level 4 of the Dungeon)
  1188 | D:4      | Found Dog Jyd's Jewellery Boutique.
  1191 | D:4      | Bought a cursed ring of teleportation for 174 gold pieces
  1225 | D:4      | Noticed Edmund
  1237 | D:4      | Killed Edmund
  1237 | D:4      | Reached skill level 7 in Axes
  1237 | D:4      | Reached XP level 8. HP: 47/58 MP: 8/8
  1416 | D:7      | Found a white marble altar of Elyvilon.
  1430 | D:7      | Slain by a killer bee

Dungeon Overview and Level Annotations

Branches:
Dungeon (7/15)
 Temple: D:4-7

Altars:
Elyvilon
Xom
Zin

Shops:
D:4 =


Message History

You are feeling hungry.
You feel sick.
The killer bee stings you but does no damage. x2
The killer bee barely misses you. x3
The killer bee stings you but does no damage.
The killer bee stings you. The killer bee closely misses you.
The killer bee barely misses you. x3
The killer bee closely misses you.
Unknown command.
Unknown command.
You slash the killer bee!
You kill the killer bee!
Your Armour skill increases to level 6!
You closely miss the killer bee.
The killer bee is moderately wounded.
You closely miss the killer bee.
The killer bee is almost dead.
You miss the killer bee.
The killer bee is severely wounded.
You feel sick.
The killer bee stings you but does no damage.
The killer bee looks sick.
The killer bee stings you but does no damage. x2
The killer bee barely misses you.
The killer bee stings you but does no damage.
The killer bee looks sick.
The killer bee stings you.
You are more poisoned.
The killer bee poisons you! The killer bee stings you.
You are more poisoned.
The killer bee poisons you! The killer bee closely misses you.
The killer bee stings you.
You are more poisoned.
The killer bee poisons you! The killer bee completely misses you.
The killer bee stings you.
Drink which item? (? for menu, Esc to quit)
It was a potion of brilliance.
You feel clever all of a sudden.
You feel very sick. The killer bee stings you.
You die...

You could see 4 killer bees, a giant frog zombie and a giant cockroach.

Vanquished Creatures
  Grinder (D:6)
  Eustachio (D:6)
  Edmund (D:4)
  An orc warrior (D:6)
  A centaur (D:5)
  A crocodile (D:7)
  2 giant frogs
  A water moccasin zombie (D:7)
  A scorpion (D:4)
  A killer bee (D:7)
  2 giant frog zombies
  2 orc wizards
  2 hounds
  A worker ant (D:5)
  2 hound skeletons
  7 adders
  12 orcs
  2 ball pythons
  A bat (D:3)
  3 giant cockroaches
  2 hobgoblins
  2 quokkas
  A giant gecko (D:2)
  2 giant newts
  A kobold (D:2)
  2 rats (D:3)
55 creatures vanquished.

Vanquished Creatures (others)
  A hound skeleton (D:5)
1 creature vanquished.

Grand Total: 56 creatures vanquished

Action                   |  1- 3 |  4- 6 |  7- 9 || total
-------------------------+-------+-------+-------++-------
Melee: War axe           |    24 |    77 |    91 ||   192
       Battleaxe         |       |       |    52 ||    52
Evoke: Wand              |     2 |     1 |     3 ||     6
  Use: Potion            |       |     1 |     5 ||     6
  Eat: Chunk             |       |       |     2 ||     2

Vault maps used:
D:1:      minmay_arrival_checkered_box, hex_medium
D:2:      grunt_gozag_breadcrumbs
D:4:      first_bread, serial_shops, kennysheep_mini_moat,
          hangedman_glass_teeth, uniq_edmund
D:5:      item_on_display_a
D:6:      grunt_temple_overflow_order_and_chaos_1, lemuel_crystal_altar,
          minmay_temple_entry_purple_smoke, uniq_eustachio, uniq_grinder
D:7:      grunt_livestock, elyvilon_altar_5
